 Dungeon Crawl Stone Soup version 0.20-a0-517-g5f97612 (webtiles) character file.

11 Gorice the Covered (level 2, 0/24 HPs)
             Began as a Barachian Fighter on Jan 24, 2017.
             Slain by a goblin (5 damage)
             ... led by Robin
             ... on level 1 of the Dungeon.
             The game lasted 00:00:51 (401 turns).

Gorice the Covered (Barachian Fighter)               Turns: 401, Time: 00:00:52

Health: 0/24       AC:  6    Str: 14    XL:     2   Next: 29%
Magic:  2/2        EV:  6    Int:  6    God:
Gold:   0          SH:  8    Dex: 10    Spells: 1/1 levels left

rFire    . . .     SeeInvis .   a - +0 long sword
rCold    . . .     Gourm    .   b - +0 scale mail
rNeg     . . .     Faith    .   c - +0 shield
rPois    .         Spirit   .   (no helmet)
rElec    .         Reflect  .   (no cloak)
rCorr    .         Harm     .   (no gloves)
MR       .....                  (no boots)
Stlth    ..........             (no amulet)
Regen    0.1/turn               (no ring)
                                (no ring)

@: slow
A: swims, slowness 1, strong legs 1
a: Hop


You were on level 1 of the Dungeon.
You were not hungry.

You visited 1 branch of the dungeon, and saw 2 of its levels.

Inventory:

Hand Weapons
 a - a +0 long sword (weapon)
Armour
 b - a +0 scale mail (worn)
 c - a +0 shield (worn)
Scrolls
 e - a scroll of enchant weapon {unknown}
Potions
 d - a potion of might {!q}
Comestibles
 f - a bread ration {!e}
 g - 4 chunks of flesh


   Skills:
 - Level 3.2 Fighting
 * Level 3.2 Long Blades
 - Level 3.2 Armour
 - Level 3.0 Shields


You had one spell level left.
You didn't know any spells.

Dungeon Overview and Level Annotations

Branches:
Dungeon (2/15)

Altars:

Annotations:
D:2 Robin


Innate Abilities, Weirdness & Mutations

You can swim through water.
You cover ground slowly.
You can hop short distances.


Message History

HP restored.
You climb downwards.
Level annotation: Robin The hobgoblin shouts!
You hear a shout!
You block the goblin's attack. The hobgoblin barely misses you.
You block the hobgoblin's attack.
Robin roars a battlecry!
The goblins go into a battle-frenzy!
You hear a shout!
There is a stone staircase leading up here.
You block the goblin's attack. The hobgoblin barely misses you.
The hobgoblin hits you but does no damage.
You climb upwards.
There is a stone staircase leading down, spattered with blood here.
Unknown command.
You block the hobgoblin's attack. The goblin barely misses you.
You hit the hobgoblin.
The hobgoblin is moderately wounded.
The hobgoblin hits you with a club!
Damage: 7 (max 7)
You closely miss the hobgoblin.
The hobgoblin is moderately wounded.
The hobgoblin hits you with a club!
* * * LOW HITPOINT WARNING * * *
Damage: 7 (max 7)
You are too injured to fight recklessly!
You are too injured to fight recklessly!
You are too injured to fight recklessly!
You are too injured to fight recklessly!
Unknown command.
Your shield and scale mail prevent you from hitting the hobgoblin.
The hobgoblin is moderately wounded.
You block the hobgoblin's attack. x2
You slash the hobgoblin!
You kill the hobgoblin!
You closely miss the goblin. The goblin closely misses you.
Your shield and scale mail prevent you from hitting the goblin.
You block the goblin's attack. The goblin barely misses you.
You closely miss the goblin.
The hobgoblin no longer looks unusually strong.
The goblin hits you.
* * * LOW HITPOINT WARNING * * *
Damage: 1 (max 7)
You closely miss the goblin. The goblin hits you.
* * * LOW HITPOINT WARNING * * *
Damage: 5 (max 7)
You hit the goblin.
The goblin is heavily wounded.
The goblin hits you.
You die...

######+##.....####.......#
#...#...#.....'...........
+...#...#.)...####...#####
#...#...#....## #..##
##'###'##...## #.##
#...#...#..## #.#
#.<.'...''## #.#
#...#...#.# #.#
######+##@# #.# #g## #.#
#g>## #.# #.).# #.#
############))#######.#
#.........##.###......#
####.####.######.######
#.# #........# #.#
##########


You could see a hobgoblin and a goblin.

Vanquished Creatures
  5 hobgoblins
  A ball python (D:1)
  3 goblins (D:1)
  A rat (D:1)
10 creatures vanquished.

Notes
Turn   | Place    | Note
-------+----------+-------------------------------------------
     0 | D:1      | Gorice the Barachian Fighter began the quest for the Orb.
     0 | D:1      | Reached XP level 1. HP: 18/18 MP: 1/1
   120 | D:2      | Noticed Robin
   139 | D:1      | Reached skill level 3 in Long Blades
   139 | D:1      | Reached XP level 2. HP: 10/24 MP: 2/2
   400 | D:1      | HP: 5/24 [goblin[Robin] (5)]
   401 | D:1      | Slain by a goblin

Vault maps used:
D:1:      co_arrival_random_square_maze
D:2:      nicolae_qazlal_general_emergency, dk_noncrumbling_2, uniq_terence,
          uniq_sigmund, uniq_robin

Skill      XL: |  1 |
---------------+----+-----
Long Blades    | 3 |  3.2
Fighting       | |  3.2
Armour         | |  3.2
Shields        | |  3.0

Action                   || total
-------------------------++-------
Melee: Long sword        ||    35
Armor: Scale mail        ||    18
Dodge: Dodged            ||    15
Block: Shield            ||    28
       Rpst.: Long sword ||     2

Table legend:
 A = Turns spent in this place as a percentage of turns spent in the entire game.
 B = Non-inter-level travel turns spent in this place as a percentage of non-inter-level travel turns spent in the entire game.
 C = Inter-level travel turns spent in this place as a percentage of turns spent in this place.
 D = Turns resting spent in this place as a percentage of non-inter-level travel turns spent in this place.
 E = Turns spent auto-exploring this place as a percentage of non-inter-level travel turns spent in this place.
 F = Non-inter-level travel turns spent in this place divided by the number of levels of this place that you've seen.
                   A       B       C       D       E      F
               +-------+-------+-------+-------+-------+----------------------
         Total | 100.0 | 100.0 |   0.7 |   2.8 |   2.8 |  71.5
       Dungeon | 100.0 | 100.0 |   0.7 |   2.8 |   2.8 |  71.5
               +-------+-------+-------+-------+-------+----------------------

Vault maps used:
D:1:      co_arrival_random_square_maze
D:2:      nicolae_qazlal_general_emergency, dk_noncrumbling_2, uniq_terence,
          uniq_sigmund, uniq_robin
